 Dungeon Crawl Stone Soup version 0.30.1-5-ged363bc7ee (webtiles) character file.

Game seed: 6528595078789373101

8913 unlimited1921 the Thaumaturge (level 11, -10/69 HPs)
             Began as a Djinni Fire Elementalist on Sept 19, 2023.
             Was a Believer of Ashenzari.
             Killed by divine providence
             ... invoked by an orc priest
              (11 damage)
             ... on level 11 of the Dungeon on Sept 20, 2023.
             The game lasted 01:16:46 (20938 turns).

unlimited1921 the Thaumaturge (DjFE)               Turns: 20938, Time: 01:16:49

Health: -10/69     AC: 11    Str:  7    XL:     11   Next: 64%
Gold:   266        EV: 11    Int: 26    God:    Ashenzari [**....] SH:  0 Dex: 14

rFire   + + .        r - +1 trident (protect)
rCold   . . .        (no shield)
rNeg    . . .        H - +1 ring mail "Qouf" {Will+}
rPois   ∞            N - +3 hat of Pondering {ponderous, Will+ MP+10 Int+5, Self, Fort} (curse)
rElec   .            (no cloak)
rCorr   .            p - +0 pair of gloves of Ashenzari's Cynicism {Range, Fort} (curse)
SInv    +            (boots unavailable)
Will    ++++.        (no amulet)
Stlth   ++           j - ring "Enigmatic Apathy" {rC+, Self, Fort} (curse)
HPRegen 0.31/turn    q - ring of willpower
MPRegen 0.00/turn

%: infuse magic (-11 HP)
@: flying, slow
A: sickness immunity, fire resistance 2, cold vulnerability 1, float, innate
caster, HP casting, extra vitality 1
a: Renounce Religion, Shatter the Chains


You were on level 11 of the Dungeon.
You worshipped Ashenzari.
Ashenzari was pleased with you.
You visited 1 branch of the dungeon, and saw 11 of its levels.
You also visited: Sewer and Ossuary.

You collected 827 gold pieces.
You spent 561 gold pieces at shops.

Inventory:

Hand Weapons
 d - a +2 short sword of holy wrath
 r - a +1 trident of protection (weapon)
 D - a +0 short sword of draining
 M - a +1 hand axe of electrocution
 P - a +1 broad axe of flaming
 T - a +2 spear of venom
 V - a +4 flail of freezing
 Z - a +6 long sword of flaming
Missiles
 f - 21 poisoned darts
 R - 4 silver boomerangs
Armour
 a - a +4 ring mail
 e - a +2 helmet
 h - a +2 hat
 p - the cursed +0 pair of gloves of Ashenzari's Cynicism (worn) {Range, Fort}
   (You found it on level 3 of the Dungeon)

   It has a curse which improves the following skills: Ranged Combat: Ranged
   Weapons and Throwing.
   Fortitude: Armour and Shields.
 H - the +1 ring mail "Qouf" (worn) {Will+}
   (You found it on level 7 of the Dungeon)

   Will:      It increases your willpower.
 J - a +2 leather armour of cold resistance
 N - the cursed +3 hat of Pondering (worn) {ponderous, Will+ MP+10 Int+5, Self, Fort}
   (You bought it in a shop on level 1 of the Dungeon)

   Int:       It affects your intelligence (+5).
   MP:        It affects your magic capacity (+10).
   Will:      It increases your willpower.
   It has a curse which improves the following skills: Introspection: Fighting
   and Spellcasting.
   Fortitude: Armour and Shields.
 S - a +1 hat of stealth
Jewellery
 j - the cursed ring "Enigmatic Apathy" (left hand) {rC+, Self, Fort}
   (You found it on level 2 of the Dungeon)

   [ring of protection from cold]

   rC:        It protects you from cold.
   It has a curse which improves the following skills: Introspection: Fighting
   and Spellcasting.
   Fortitude: Armour and Shields.
 q - a ring of willpower (right hand)
 x - a ring of fire
 y - a ring of ice
 L - a +6 ring of strength
Wands
 K - a wand of acid (7)
 W - a wand of roots (3) (quivered)
Scrolls
 k - 2 scrolls of silence
 m - a scroll of acquirement
 o - 3 scrolls of blinking
 t - 5 scrolls of identify
 u - 2 scrolls of fear
 v - 2 scrolls of immolation
 w - 4 scrolls of teleportation
 C - 3 scrolls of enchant weapon
 E - a scroll of poison
 I - a scroll of fog
 O - a scroll of magic mapping
 U - 2 scrolls of enchant armour
Potions
 c - 2 potions of curing
 g - 2 potions of might
 i - 3 potions of mutation
 l - 4 potions of brilliance
 n - a potion of berserk rage
 z - 3 potions of ambrosia
 A - a potion of lignification
 F - 2 potions of resistance
 G - a potion of invisibility
 Y - a potion of heal wounds


   Skills:
 + Level 1.2(2.3) Fighting
 + Level 2.9 Polearms
 + Level 4.9(7.1) Armour
 + Level 4.1 Dodging
 + Level 4.7 Stealth
 + Level 11.8(13.5) Spellcasting
 + Level 0.4 Evocations


You knew the following spells:

 Your Spells              Type           Power      Damage    Failure   Level
a - Foxfire               Conj/Fire      100%       2x1d9     1%          1
b - Scorch                Fire           100%       2d9       1%          2
c - Volatile Blastmotes   Fire/Tloc      100%       2d18      1%          3
d - Inner Flame           Hex/Fire       73%        N/A       1%          3
e - Flame Wave            Conj/Fire      73%        2d16      1%          4
f - Freeze                Ice            100%       1d10      1%          1
g - Blink                 Tloc           100%       N/A       1%          2
h - Vhi's Electric Charg  Tloc/Air       100%       N/A       1%          3
i - Dazzling Flash        Conj/Hex       100%       N/A       1%          3
j - Metabolic Englaciati  Hex/Ice        36%        N/A       1%          5
Your spell library was empty.

Dungeon Overview and Level Annotations

Branches:
Dungeon (11/15)            Temple (0/1) D:5           Sewer (visited)
Ossuary (visited)
   Lair: D:8-11         Orc: D:9-12

Altars:
Ashenzari
Cheibriados
Fedhas
Gozag
Hepliaklqana
Okawaru
Uskayaw

Shops:
D:1 *   D:5 (

Annotations:
D:5 2 transporters, croobank's ghost, novice OpDe
D:9 2 transporters


Innate Abilities, Weirdness & Mutations

You are immune to sickness and miasma.
You are immune to poison.
Your flesh is very heat resistant. (rF++)
You are vulnerable to cold. (rC-)
You float through the air rather than walking.
You learn spells naturally, not from books.
Your magical power is your life essence.
You have superior vitality. (+4 MHP)


Message History

* * * LOW HITPOINT WARNING * * *
The orc priest calls down the wrath of Beogh upon you.
Beogh smites you!
* * * LOW HITPOINT WARNING * * *
You feel better.
The orc priest miscasts a cantrip.
You feel better.
The orc priest looks satisfied for a moment.
Casting: Volatile Blastmotes (safe; 1% risk of failure)
Confirm with . or Enter, or press ? or * to list all spells.
You conjure some foxfire!
* * * LOW HITPOINT WARNING * * *
Your foxfire dissipates!
The foxfire hits the orc priest.
The orc priest is lightly wounded.
Casting: Foxfire (safe; 1% risk of failure)
Confirm with . or Enter, or press ? or * to list all spells.
You conjure some foxfire!
* * * LOW HITPOINT WARNING * * *
Casting: Foxfire (safe; 1% risk of failure)
Confirm with . or Enter, or press ? or * to list all spells.
You conjure some foxfire!
* * * LOW HITPOINT WARNING * * *
The foxfire hits the orc priest but does no damage.
The orc priest is lightly wounded.
Casting: Foxfire (safe; 1% risk of failure)
Confirm with . or Enter, or press ? or * to list all spells.
You conjure some foxfire!
* * * LOW HITPOINT WARNING * * *
The orc priest mumbles some strange prayers to Beogh against you.
Beogh smites you!
* * * LOW HITPOINT WARNING * * *
As you read the scroll of fear, it crumbles to dust.
You assume a fearsome visage.
The orc priest looks frightened!
The foxfire hits the orc priest but does no damage.
The orc priest is lightly wounded.
Your attack snaps the orc priest out of its fear.
The orc priest invokes the aid of Beogh against you.
Beogh smites you!
You die...

* ############# * , ,
* #............ **
,########.#####......
, *,.........#
#...!.. #######..#
#.....# ##########
#..# #(....#
#...ov§§§# #..#
###.### * #.######@#
#..# ##.### , #.#
#§###..# #..... #.#
#§§....# #..### * #.#
#§###.#######..###
#.# #v#
#.<........... ,* #.#
#v###########..###
#o###
#.............## # *
#...# #.###########.#
# * ###.# #.# #.# #


You could see an orc priest (ally target).

Vanquished Creatures
  Gastronok (D:8)
  Erica (D:9)
  A cyclops (D:11)
  An elephant (D:10)
  Maggie (D:8)
  Prince Ribbit (D:8)
  3 hornets
  A wyvern (D:10)
  A wraith (D:10)
  2 yaks (D:11)
  A basilisk (D:11)
  Grum (D:8)
  An acid dragon (D:11)
  2 water moccasins
  Duvessa (D:7)
  2 black bears
  3 orc warriors
  2 sky beasts (D:7)
  2 wolves (D:8)
  2 centaurs
  A phantom (D:5)
  2 kobold brigands
  Blork the orc (D:5)
  5 bullfrogs
  A gnoll sergeant (D:8)
  3 scorpions (D:6)
  16 wights
  Dowan (D:7)
  5 killer bees (D:9)
  4 howler monkeys
  3 human zombies (Ossuary)
  5 orc priests
  A gnoll bouda (D:7)
  2 hounds
  2 jellies
  A sleepcap (D:5)
  Natasha (thrice) (D:2)
  5 iguanas
  7 orc wizards
  5 hound zombies (Ossuary)
  3 mummies (Ossuary)
  7 gnolls
  9 adders
  4 river rats
  A white imp (D:6)
  3 adder zombies (Ossuary)
  2 worms
  A dart slug (D:1)
  26 orcs
  7 endoplasms
  5 giant cockroaches
  7 goblins
  7 hobgoblins
  15 jackals
  2 quokkas (D:1)
  11 ball pythons
  2 bats (D:1)
  4 frilled lizards
  A gnoll zombie (Ossuary)
  4 goblin zombies (Ossuary)
  A hobgoblin zombie (Ossuary)
  3 jackal zombies (Ossuary)
  16 kobolds
  4 kobold zombies (Ossuary)
  An orc zombie (Ossuary)
  7 quokka zombies (Ossuary)
  13 rats
  4 rat zombies (Ossuary)
273 creatures vanquished.

Vanquished Creatures (collateral kills)
  9 foxfires (Sewer)
9 creatures vanquished.

Vanquished Creatures (others)
  784 foxfires
784 creatures vanquished.

Grand Total: 1066 creatures vanquished

Notes
Turn   | Place    | Note
-------+----------+-------------------------------------------
     0 | D:1      | unlimited1921 the Djinni Fire Elementalist began the quest
                  | for the Orb.
     0 | D:1      | unlimited1921 set off with the following spells memorised:
                  | Foxfire, Scorch, Volatile Blastmotes, Inner Flame, Flame
                  | Wave.
     0 | D:1      | Reached XP level 1. HP: 15/15 MP: 0/0
   498 | D:1      | Reached XP level 2. HP: 20/21 MP: 0/0
  1412 | D:1      | Reached skill level 3 in Spellcasting
  1431 | D:1      | Found Diskill's General Store.
  1557 | D:1      | Reached XP level 3. HP: 18/25 MP: 0/0
  1557 | D:1      | Learned a level 1 spell: Freeze
  1612 | D:1      | Bought a scroll of identify for 28 gold pieces
  2970 | D:2      | Reached XP level 4. HP: 28/31 MP: 0/0
  3227 | D:2      | Noticed Natasha
  3230 | D:2      | Killed Natasha
  4680 | D:2      | Found a faded altar of an unknown god.
  5049 | D:2      | Noticed Natasha
  5053 | D:2      | Killed Natasha
  5054 | D:2      | Reached skill level 4 in Spellcasting
  5054 | D:2      | Reached XP level 5. HP: 32/35 MP: 0/0
  5054 | D:2      | Learned a level 2 spell: Blink
  5475 | D:2      | Noticed Natasha
  5479 | D:2      | Killed Natasha
  5777 | D:3      | Found an opulent altar of Gozag.
  7043 | D:4      | Found a broken altar of Ashenzari.
  7049 | D:4      | Became a worshipper of Ashenzari the Shackled
  7197 | D:4      | Reached XP level 6. HP: 34/40 MP: 0/0
  8353 | D:5      | Entered Level 5 of the Dungeon
  8355 | D:5      | Found a staircase to the Ecumenical Temple.
  8377 | D:5      | Noticed a water moccasin
  8424 | D:5      | Found a glowing drain.
  8450 | Sewer    | Entered a sewer
  8485 | Sewer    | Reached skill level 1 in Polearms
  8512 | Sewer    | Reached XP level 7. HP: 40/45 MP: 0/0
  8512 | Sewer    | Learned a level 3 spell: Vhi's Electric Charge
  8724 | Sewer    | Reached skill level 5 in Spellcasting
 10201 | D:5      | Killed a water moccasin
 10508 | D:5      | Found Boog's Weapon Emporium.
 10527 | D:5      | Noticed a yak
 10529 | D:5      | Found a transporter.
 10529 | D:5      | Noticed croobank's ghost (novice OpDe)
 11162 | D:5      | Found a transporter.
 11391 | D:5      | Reached XP level 8. HP: 37/51 MP: 0/0
 11517 | D:5      | Noticed Blork the orc
 11521 | D:5      | Killed Blork the orc
 11692 | D:6      | Found a sand-covered staircase.
 11696 | Ossuary  | Entered an ossuary
 11725 | Ossuary  | Reached skill level 6 in Spellcasting
 11807 | Ossuary  | Reached * piety under Ashenzari
 11807 | Ossuary  | Identified a scroll of acquirement
 12787 | D:6      | Found an iron altar of Okawaru.
 12885 | D:7      | Reached skill level 7 in Spellcasting
 13137 | D:7      | Reached XP level 9. HP: 54/57 MP: 0/0
 13137 | D:7      | Learned a level 3 spell: Dazzling Flash
 13404 | D:7      | Identified the +1 ring mail "Qouf" {Will+}
 13642 | D:7      | Noticed Duvessa
 13642 | D:7      | Noticed Dowan
 13651 | D:7      | Killed Dowan
 13653 | D:7      | Killed Duvessa
 13654 | D:7      | Reached skill level 8 in Spellcasting
 14264 | D:6      | Found a snail-covered altar of Cheibriados.
 14266 | D:6      | Found a hide-covered altar of Uskayaw.
 14267 | D:6      | Found a blossoming altar of Fedhas.
 14939 | D:1      | Bought the +3 hat of Pondering {ponderous, Will+ MP+10
                  | Int+5} for 533 gold pieces
 14939 | D:1      | Found the +3 hat of Pondering {ponderous, Will+ MP+10
                  | Int+5}
 15313 | D:8      | Reached skill level 1 in Armour
 15315 | D:8      | Noticed Maggie
 15321 | D:8      | Noticed a hornet
 15323 | D:8      | Killed Maggie
 15552 | D:8      | Killed a hornet
 15553 | D:8      | Reached skill level 9 in Spellcasting
 15553 | D:8      | Reached XP level 10. HP: 32/62 MP: 0/0
 15554 | D:8      | Noticed Grum
 15563 | D:8      | Killed Grum
 15814 | D:8      | Noticed Prince Ribbit
 15821 | D:8      | Killed Prince Ribbit
 16033 | D:8      | Noticed Gastronok
 16055 | D:8      | Killed Gastronok
 16056 | D:8      | Reached skill level 10 in Spellcasting
 16568 | D:8      | Found a hazy altar of Hepliaklqana.
 17385 | D:9      | Reached XP level 11. HP: 64/67 MP: 0/0
 17385 | D:9      | Learned a level 5 spell: Metabolic Englaciation
 17427 | D:9      | Noticed Erica
 17435 | D:9      | Killed Erica
 17436 | D:9      | Reached skill level 1 in Fighting
 17484 | D:9      | Reached skill level 11 in Spellcasting
 17668 | D:9      | Found a transporter.
 17672 | D:9      | Found a transporter.
 17673 | D:9      | Noticed a boulder beetle
 18136 | D:10     | Entered Level 10 of the Dungeon
 20365 | D:11     | Reached ** piety under Ashenzari
 20396 | D:11     | Noticed a cyclops
 20401 | D:11     | Noticed an elephant
 20418 | D:11     | Killed a cyclops
 20652 | D:11     | Noticed a death yak
 20704 | D:10     | Killed an elephant
 20925 | D:11     | HP: 1/69 [orc priest/divine providence (16)]
 20937 | D:11     | HP: 1/69 [orc priest/divine providence (15)]
 20938 | D:11     | Killed from afar by an orc priest

Illustrated notes

Levels and vault maps discovered:
D:1:      dpeg_arrival_castle, layout_loops_ring, serial_shops, shop
D:2:      layout_basic, basic_ecumenical_altar, uniq_natasha
D:3:      layout_basic, overflow_temple_1_default
D:4:      layout_cave_pods, kennysheep_little_box
D:5:      mumra_celtic_spiral_tile, layout_loops_ring,
          minmay_temple_entry_butterflies, gup_sewer_entry_bubbles,
          gammafunk_ghost_arena, serial_shops, nicolae_shop_statue_plus,
          uniq_blork_the_orc
D:6:      layout_basic, lemuel_doored_altar, minitemple, enter_ossuary_5,
          serial_glass, glass_columns_a, glass_columns_b
D:7:      layout_gridville, uniq_duvessa
D:8:      layout_loops_ring, worldfamousw_hep_ancestral_shrine, minivault_5,
          uniq_prince_ribbit1, uniq_grum, uniq_maggie, uniq_gastronok
D:9:      gammafunk_boulding_lane, layout_cave_pools, kiku_gazebo_pond_becter,
          uniq_erica
D:10:     layout_roguey, serial_bayou_pond_d, grunt_decor_arrowhead
D:11:     minmay_tri_box, layout_loops_ring, david_lair_generic

Skill      XL: |  1  2  3  4  5  6  7  8  9 10 11 |
---------------+----------------------------------+-----
Spellcasting   | 3 4 5 7 9 10 11 | 11.8
Stealth        | 2 3 4 |  4.7
Polearms       | 1 2 |  2.9
Dodging        | 3 4 |  4.1
Armour         | 2 3 4 |  4.9
Fighting       | 1 |  1.2
Evocations     | |  0.4

Action                     |  1- 3 |  4- 6 |  7- 9 | 10-12 || total
---------------------------+-------+-------+-------+-------++-------
  Melee: Trident           |       |    45 |   136 |     5 ||   186
         Punch             |       |     1 |     4 |       ||     5
   Cast: Foxfire           |    84 |   143 |   163 |   105 ||   495
         Scorch            |     2 |    13 |    31 |    47 ||    93
         Inner Flame       |     1 |     2 |    41 |    48 ||    92
         Freeze            |       |     1 |     9 |     6 ||    16
         Vhi's Electric Ch |       |       |     2 |     1 ||     3
         Dazzling Flash    |       |       |     2 |     5 ||     7
         Volatile Blastmot |       |       |     2 |    12 ||    14
         Flame Wave        |       |       |     1 |     3 ||     4
         Metabolic Englaci |       |       |       |    18 ||    18
 Invoke: Curse Item        |       |     1 |     1 |     1 ||     3
  Evoke: Wand              |       |       |       |     5 ||     5
    Use: Scroll            |     1 |     2 |       |     2 ||     5
         Potion            |       |       |     1 |     5 ||     6
   Stab: Sleeping          |       |     2 |     2 |       ||     4
 Armour: Steam dragon scal |     1 |    30 |    24 |       ||    55
         Ring mail         |       |       |    13 |    26 ||    39
  Dodge: Dodged            |     6 |    41 |    47 |    27 ||   121
